 Dungeon Crawl Stone Soup version 0.28-a0-683-ga8797d1ae1 (webtiles) character file.

Game seed: 17781854892198010603

2923 shoop the Basher (level 9, -2/93 HPs)
             Began as an Ogre Hunter on Oct 19, 2021.
             Was an Initiate of Hepliaklqana.
             Slain by a killer bee (7 damage)
             ... on level 6 of the Dungeon.
             The game lasted 00:21:13 (10277 turns).

shoop the Basher (Ogre Hunter)                     Turns: 10277, Time: 00:21:13

Health: -2/93      AC:  8    Str: 21    XL:     9   Next: 79%
Magic:  9/9        EV:  9    Int: 12    God:    Hepliaklqana [......]
Gold:   256        SH:  0    Dex:  9    Spells: 8/8 levels left

rFire   . . .      SeeInvis .   a - +1 whip (drain)
rCold   . . .      Faith    .   (no shield)
rNeg    . . .      Spirit   .   L - +1 acid dragon scales
rPois   .          Reflect  .   (helmet restricted)
rElec   .          Harm     .   f - scarf {+Inv}
rCorr   +          Rampage  .   (gloves unavailable)
Will    .....                   (boots unavailable)
Stlth   +.........              t - amulet of magic regeneration
HPRegen 0.25/turn               (no ring)
MPRegen 0.36/turn               (no ring)

@: lethally poisoned (-2 -> -22)
A: large, unfitting armour, tough skin 1
a: Renounce Religion, Evoke Invisibility


You were on level 6 of the Dungeon.
You worshipped Hepliaklqana.
Hepliaklqana was noncommittal.
You visited 2 branches of the dungeon, and saw 8 of its levels.

You collected 256 gold pieces.

Inventory:

Hand Weapons
 a - a +1 whip of draining (weapon)
 b - a +2 vorpal dire flail
 j - a +0 spear
 l - a +0 quarterstaff
 n - a +0 giant club
 y - a +0 short sword
 C - a +0 giant spiked club
Missiles
 c - 8 large rocks
 d - 2 throwing nets
 J - a poisoned dart (quivered)
Armour
 f - a scarf of invisibility (worn)
 x - a +0 robe
 B - a +0 kite shield
 H - +0 steam dragon scales
 L - +1 acid dragon scales (worn)
Jewellery
 t - an amulet of magic regeneration (around neck)
 z - a ring of magical power
 F - a ring of ice
Wands
 D - a wand of acid (2)
Scrolls
 e - a scroll of amnesia
 g - a scroll of brand weapon
 i - a scroll of holy word
 k - a scroll of enchant weapon
 r - 2 scrolls of magic mapping
 u - a scroll of enchant armour
 w - a scroll of summoning
 E - 2 scrolls of vulnerability {unknown}
 G - a scroll of fog
 I - a scroll of fear {unknown}
 K - a scroll of teleportation {unknown}
 M - a scroll of noise {unknown}
Potions
 h - 2 potions of attraction {unknown}
 m - a potion of lignification
 o - 3 potions of brilliance {unknown}
 p - a potion of flight {unknown}
 q - 2 potions of curing
 s - 2 potions of berserk rage {unknown}
 v - a potion of heal wounds
 A - 2 potions of resistance {unknown}


   Skills:
 + Level 7.0 Fighting
 + Level 8.9 Maces & Flails
 - Level 6.2 Throwing
 - Level 3.0 Armour
 - Level 2.0 Dodging
 - Level 1.0 Stealth
 - Level 3.0 Evocations


You had 8 spell levels left.
You didn't know any spells.
Your spell library contained the following spells:

 Spells                   Type           Power      Damage    Failure   Level
 Sublimation of Blood     Necr           0%         N/A       54%         2
 Wereblood                Tmut           0%         N/A       54%         2
 Summon Hydra             Summ           0%         N/A       100%        7


Dungeon Overview and Level Annotations

Branches:
Dungeon (7/15)             Temple (1/1) D:6

Altars:
Ashenzari
Cheibriados
Dithmenos
Fedhas
Hepliaklqana
Kikubaaqudgha
Makhleb
Nemelex Xobeh
Okawaru
Qazlal
Ru
Sif Muna
Trog
Uskayaw
Vehumet
Xom
Zin
The Shining One

Shops:
D:4 =   D:6 *

Annotations:
D:4 exclusions: ball python and gnoll
D:6 1 runed translucent door, BongJabbar's ghost, amateur BaIE
D:7 Dowan; Duvessa


Innate Abilities, Weirdness & Mutations

You are too large for most types of armour.
You have tough skin. (AC +1)


Message History

The killer bee stings you. x2
You are more poisoned.
The killer bee poisons you!
The killer bee stings you but does no damage.
The killer bee stings you!
You barely miss the killer bee.
The killer bee is almost dead.
You feel very sick.
You kill the killer bee!
The killer bee stings you!
You are lethally poisoned!
The killer bee poisons you! The killer bee barely misses you.
The killer bee stings you.
* * * LOW HITPOINT WARNING * * *
Your Fighting skill increases to level 7!
Unknown command.
You completely miss the killer bee.
* * * LOW HITPOINT WARNING * * *
You feel very sick. The killer bee barely misses you.
The killer bee stings you.
* * * LOW HITPOINT WARNING * * *
Unknown command.
You barely miss the killer bee.
* * * LOW HITPOINT WARNING * * *
You feel very sick. The killer bee stings you.
* * * LOW HITPOINT WARNING * * *
The killer bee stings you but does no damage.
Unknown command.
You closely miss the killer bee.
* * * LOW HITPOINT WARNING * * *
You feel very sick. The killer bee closely misses you.
The killer bee barely misses you.
Unknown command.
Unknown command.
You miss the killer bee.
* * * LOW HITPOINT WARNING * * *
You feel very sick. The killer bee stings you!
You die...

####.# #.#
#..#.####.###############
#........................
##.##.###..####.##........
#.....# #..####'##........
####### #..#..............
#..#..............
#†[#..............
#@.'..............
#yy#.......#######
#..#.......# #..#.......#
#..####.#### #..# #.# ####
########..# #.# #...
#.........####.# #...
#.###........#.# #...


You could see 2 killer bees.

Vanquished Creatures
  A two-headed ogre (D:6)
  Maggie (D:7)
  2 steam dragons
  2 water moccasins (D:6)
  2 orc warriors (D:6)
  3 ogres
  The ghost of Maimakterion the Cudgeller, an amateur DsCK of Xom (D:4)
  A scorpion (D:5)
  2 killer bees
  7 orc priests
  2 hounds
  A bullfrog skeleton (D:4)
  3 iguanas
  4 orc wizards
  Natasha (thrice) (D:2)
  A killer bee zombie (D:6)
  3 hound skeletons
  3 howler monkey zombies
  9 gnolls
  11 adders
  A shadow imp (D:6)
  2 ufetubi
  2 worms (D:3)
  7 dart slugs
  18 orcs
  9 ball pythons
  7 endoplasms
  3 giant cockroaches
  9 goblins
  2 hobgoblins
  2 jackals (D:1)
  6 kobolds
  A quokka (D:1)
  4 bats
  10 frilled lizards (D:1)
  4 rats
149 creatures vanquished.

Vanquished Creatures (others)
  An orc wizard (D:6)
  An orc (D:6)
  7 demonic plants (D:3)
  5 fungi (D:3)
  5 plants (D:3)
  6 withered plants (D:3)
25 creatures vanquished.

Grand Total: 174 creatures vanquished

Notes
Turn   | Place    | Note
-------+----------+-------------------------------------------
     0 | D:1      | shoop the Ogre Hunter began the quest for the Orb.
     0 | D:1      | Reached XP level 1. HP: 22/22 MP: 1/1
   255 | D:1      | Reached XP level 2. HP: 25/31 MP: 2/2
   258 | D:1      | Reached skill level 1 in Stealth
   916 | D:1      | Reached XP level 3. HP: 37/37 MP: 3/3
  1552 | D:2      | Noticed Natasha
  1569 | D:2      | Killed Natasha
  1570 | D:2      | Reached XP level 4. HP: 39/48 MP: 4/4
  1600 | D:2      | Noticed Natasha
  1613 | D:2      | Killed Natasha
  1616 | D:2      | Noticed Natasha
  1628 | D:2      | Killed Natasha
  1629 | D:2      | Reached skill level 5 in Throwing
  2042 | D:2      | Reached XP level 5. HP: 43/55 MP: 5/5
  2156 | D:2      | Reached skill level 5 in Fighting
  2859 | D:3      | Found a faded altar of an unknown god.
  2989 | D:3      | Reached XP level 6. HP: 43/67 MP: 6/6
  4089 | D:4      | Found Jetucw's Jewellery Shop.
  4521 | D:4      | Reached XP level 7. HP: 76/76 MP: 7/7
  4546 | D:4      | Reached skill level 1 in Maces & Flails
  4856 | D:4      | Found a runed translucent gate.
  4856 | D:4      | Found a runed translucent gate.
  4856 | D:4      | Found a runed translucent gate.
  4857 | D:4      | Noticed Maimakterion's ghost (amateur DsCK)
  5185 | D:5      | Entered Level 5 of the Dungeon
  5319 | D:5      | Reached skill level 2 in Maces & Flails
  5569 | D:5      | Reached skill level 3 in Maces & Flails
  6102 | D:5      | Reached skill level 4 in Maces & Flails
  6184 | D:5      | Found a shimmering blue altar of Sif Muna.
  6362 | D:5      | Reached skill level 1 in Evocations
  6382 | D:5      | Reached XP level 8. HP: 9/84 MP: 8/8
  6764 | D:5      | Found a blossoming altar of Fedhas.
  6906 | D:6      | Noticed a two-headed ogre
  7106 | D:6      | Found Lynn's Serpentskin Sales.
  7121 | D:6      | Reached skill level 5 in Maces & Flails
  7487 | D:6      | Found a runed translucent door.
  7488 | D:6      | Noticed a wraith
  7489 | D:6      | Noticed BongJabbar's ghost (amateur BaIE)
  8060 | D:6      | Found a staircase to the Ecumenical Temple.
  8323 | Temple   | Entered the Ecumenical Temple
  8454 | Temple   | Became a worshipper of Hepliaklqana the Forgotten
  8598 | D:6      | Reached skill level 6 in Maces & Flails
  8986 | D:6      | Found a bloodstained altar of Trog.
  8986 | D:6      | Found a burning altar of Makhleb.
  9085 | D:6      | Killed a two-headed ogre
  9086 | D:6      | Reached skill level 8 in Maces & Flails
  9086 | D:6      | Reached XP level 9. HP: 92/92 MP: 9/9
  9301 | D:7      | Noticed Dowan
  9302 | D:7      | Noticed Duvessa
  9408 | D:4      | Killed Maimakterion's ghost
  9595 | D:7      | Noticed Maggie
  9600 | D:7      | Killed Maggie
  9676 | D:7      | Reached skill level 1 in Armour
 10277 | D:6      | Slain by a killer bee

Illustrated notes

Levels and vault maps discovered:
D:1:      dpeg_arrival_tiny_d, layout_loops_ring, minmay_lizard_pond
D:2:      layout_rooms, st_stairs_9, minmay_pentomino_u2, uniq_natasha
D:3:      layout_loops_ring, shapermc_ecumenical_altar_gd
D:4:      layout_basic, serial_shops, shop, gammafunk_ghost_necromancy,
          minmay_liquid_box
D:5:      layout_loops_corners, mainiacjoe_overflow_alcove_1,
          lemuel_blue_sif_altar
D:6:      layout_basic, gammafunk_temple_overflow_pools,
          minmay_temple_entry_arrows, ebering_ghost_inner_flame,
          guppyfry_shop_venom
D:7:      layout_rooms, serial_shops, nicolae_square_shop, grunt_decor_cap,
          uniq_maggie, uniq_duvessa, uniq_menkaure, uniq_harold
Temple:   zaba_magenta_temple

Skill      XL: |  1  2  3  4  5  6  7  8  9 |
---------------+----------------------------+-----
Fighting       | 3 4 5 6 7 |  7.0
Dodging        | 2 |  2.0
Stealth        | 1 |  1.0
Throwing       | 5 6 |  6.2
Maces & Flails | 4 8 |  8.9
Evocations     | 1 3 |  3.0
Armour         | 3 |  3.0

Action                   |  1- 3 |  4- 6 |  7- 9 || total
-------------------------+-------+-------+-------++-------
Melee: Short sword       |    94 |       |       ||    94
       Spear             |    25 |    30 |       ||    55
       Quarterstaff      |       |   140 |       ||   140
       Giant club        |       |     6 |    23 ||    29
       Whip              |       |       |   241 ||   241
       Dire flail        |       |       |    37 ||    37
Throw: Dart              |       |    32 |    13 ||    45
       Large rock        |       |     4 |     7 ||    11
Evoke: Wand              |       |       |     2 ||     2
  Use: Potion            |       |       |     4 ||     4
       Scroll            |       |       |     9 ||     9
 Stab: Sleeping          |       |       |     2 ||     2
Armor: Robe              |    22 |    44 |    54 ||   120
       Acid dragon scale |       |       |    31 ||    31
       Steam dragon scal |       |       |     1 ||     1
Dodge: Dodged            |    50 |   104 |   143 ||   297

Table legend: (Time is in decaauts)
 A = Elapsed time spent in this place.
 B = Non-inter-level travel time spent in this place.
 C = Inter-level travel time spent in this place.
 D = Time resting spent in this place.
 E = Time spent auto-exploring this place.
 F = Levels seen in this place.
 G = Mean time per level.
                   A        B        C        D        E       F      G
               +--------+--------+--------+--------+--------+-----+--------+
         Total |  10306 |   9873 |    433 |    804 |   7363 |   8 | 1288.2 |
       Dungeon |  10157 |   9775 |    382 |    804 |   7271 |   7 | 1451.0 |
        Temple |    148 |     97 |     51 |      0 |     92 |   1 |  148.0 |
               +--------+--------+--------+--------+--------+-----+--------+

Top non-repeatable levels by time:
     D:6: 2413 daAuts
     D:1: 1847 daAuts
     D:5: 1826 daAuts
     D:3: 1677 daAuts
     D:4: 1151 daAuts
     D:2: 682 daAuts
     D:7: 558 daAuts
  Temple: 148 daAuts
